 Dungeon Sprint DCSS version 0.31-a0-210-gccc998df9b (webtiles) character file.

Game seed: 1855492597324899090

277 Hubris850 the Changer (level 6, -3/68 HPs)
             Began as an Octopode Transmuter on June 29, 2023.
             Was an Elder of Makhleb.
             Slain by a swamp dragon (7 damage)
             ... in the Dungeon (Sprint VII: "The Pits").
             The game lasted 00:04:05 (584 turns).

Hubris850 the Changer (Octopode Transmuter)          Turns: 584, Time: 00:04:07

Health: -3/68      AC:  8    Str:  9    XL:     6   Next: 25%
Magic:  12/15      EV: 10    Int: 18    God:    Makhleb [****..]
Gold:   0          SH:  0    Dex: 12    Spells: 12/17 levels left

rFire   x . .        n - melded +2 quarterstaff (speed)
rCold   + + +        (shield currently unavailable)
rNeg    . . .        (helmet currently unavailable)
rPois   +            (no amulet)
rElec   .            (no ring)
rCorr   .            (no ring)
SInv    .            (no ring)
Will    .....        (no ring) Stlth
                     (no ring)
HPRegen 0.31/turn    (no ring)
MPRegen 0.14/turn    (no ring)
                     (no ring)

%: no teleportation
@: berserking, lethally poisoned (-3 -> -7), ice-form, very quick
A: freezing attack, boosted hp, almost no armour, amphibious, 8 rings, large,
(camouflage 1), (gelatinous body 1), (nimble swimmer 1), (tentacles)
a: End Transformation, Renounce Religion, Minor Destruction, Lesser Servant of
Makhleb, Major Destruction


You were in the Dungeon.
You worshipped Makhleb.
Makhleb was greatly pleased with you.
You were a creature of crystalline ice.
You visited 1 branch

Inventory:

Hand Weapons
 k - a +2 quarterstaff
 m - a +2 long sword of flaming
 n - a +2 quarterstaff of speed (melded)
Missiles
 l - a boomerang
Scrolls
 g - a scroll of blinking
 i - 5 scrolls of amnesia
 j - a scroll of butterflies
Potions
 a - a potion of lignification
 b - 6 potions of curing
 d - a potion of haste
 e - 4 potions of magic
 f - a potion of berserk rage
 h - 2 potions of invisibility


   Skills:
 - Level 1.0 Fighting
 - Level 2.0 Dodging
 + Level 6.3 Unarmed Combat
 - Level 6.0 Spellcasting
 + Level 6.8 Transmutations
 + Level 6.4 Ice Magic


You had 12 spell levels left.
You knew the following spells:

 Your Spells              Type           Power      Damage    Failure   Level
a - Beastly Appendage     Tmut           60%        N/A       1%          1
b - Ice Form              Ice/Tmut       29%        N/A       8%          4

Your spell library contained the following spells:

 Spells                   Type           Power      Damage    Failure   Level
 Wereblood                Tmut           30%        N/A       1%          2
 Spider Form              Tmut/Pois      17%        N/A       9%          3


Dungeon Overview and Level Annotations

Branches:
Dungeon (1/1)

Altars:
Ashenzari
Cheibriados
Dithmenos
Elyvilon
Fedhas
Gozag
Hepliaklqana
Kikubaaqudgha
Makhleb
Nemelex Xobeh
Okawaru
Qazlal
Ru
Sif Muna
Trog
Uskayaw
Vehumet
Wu Jian
Xom
Yredelemnul
Zin
The Shining One
Jiyva
Lugonu


Innate Abilities, Weirdness & Mutations

You are a creature of crystalline ice.
You have a powerful freezing melee attack.
Your maximum health is increased.
Your armour is entirely melded.
You are incapable of wielding weapons or throwing items.
You cannot wear most types of armour.
You are amphibious.
You can wear up to eight rings at the same time.
((Your skin changes colour to match your surroundings (Stealth+).))
((Your rubbery body absorbs attacks. (AC +1, EV +1)))
((You are camouflaged when in or above water. (Stealth+)))
((You have tentacles for arms and can constrict up to eight enemies at once.))


Message History

The swamp dragon claws you but does no damage.
The swamp dragon tramples you.
You hold your ground!
You hit the swamp dragon but do no damage.
The swamp dragon is lightly wounded.
The swamp dragon bites you!
* * * LOW HITPOINT WARNING * * *
The swamp dragon closely misses you.
The swamp dragon tramples you but does no damage.
You feel much better. The swamp dragon misses you.
The swamp dragon barely misses you. The swamp dragon completely misses you.
A red film seems to cover your vision as you go berserk!
You feel yourself moving faster!
You feel mighty!
The swamp dragon breathes poison at you.
The blast of poison engulfs you.
You are poisoned.
You resist.
You hit the swamp dragon. You freeze the swamp dragon.
The swamp dragon is lightly wounded.
You feel sick.
You punch the swamp dragon! You freeze the swamp dragon.
The swamp dragon is moderately wounded.
You feel sick. The swamp dragon bites you.
The swamp dragon claws you but does no damage.
The swamp dragon tramples you.
You hold your ground!
You pummel the swamp dragon!! You freeze the swamp dragon.
The swamp dragon is heavily wounded.
You feel sick.
You hit the swamp dragon but do no damage.
The swamp dragon is heavily wounded.
You feel sick. The swamp dragon barely misses you. The swamp dragon claws you!
* * * LOW HITPOINT WARNING * * *
The swamp dragon closely misses you.
You punch the swamp dragon! You freeze the swamp dragon.
The swamp dragon is severely wounded.
The swamp dragon bites you!
* * * LOW HITPOINT WARNING * * *
The swamp dragon claws you.
* * * LOW HITPOINT WARNING * * *
The swamp dragon tramples you!
You die...

#.#..#[).).##.......#
#'###########.......#
#....†..# #########
#..#)#..# #.##.##.#
#.......#+#
#.##.##☼#°+
#..#.#..#D#
#.......'Y#
###########


You could see a swamp dragon (catching breath).

Vanquished Creatures
  A floating eye (D)
  A sky beast (D)
  A hound (D)
  An adder (D)
  A gnoll (D)
  A river rat (D)
  2 white imps (D)
  An ufetubus (D)
  2 orcs (D)
  A hobgoblin (D)
  2 jackals (D)
  A giant cockroach zombie (D)
  A kobold (D)
  A rat (D)
17 creatures vanquished.

Notes
Turn   | Place    | Note
-------+----------+-------------------------------------------
     0 | D        | Hubris850 the Octopode Transmuter began the quest for the
                  | Orb.
     0 | D        | Reached XP level 1. HP: 13/13 MP: 3/3
    15 | D        | Reached skill level 5 in Unarmed Combat
    15 | D        | Reached XP level 2. HP: 12/18 MP: 3/5
    43 | D        | Found a glowing golden altar of the Shining One.
    43 | D        | Found a glowing silver altar of Zin.
    43 | D        | Found a basalt altar of Yredelemnul.
    43 | D        | Found a shimmering altar of Xom.
    43 | D        | Found an ornate altar of the Wu Jian Council.
    43 | D        | Found a bloodstained altar of Trog.
    43 | D        | Found a shimmering blue altar of Sif Muna.
    43 | D        | Found a sacrificial altar of Ru.
    43 | D        | Found a stormy altar of Qazlal.
    43 | D        | Found an iron altar of Okawaru.
    43 | D        | Found a sparkling altar of Nemelex Xobeh.
    43 | D        | Found a burning altar of Makhleb.
    43 | D        | Found a viscous altar of Jiyva.
    43 | D        | Found a hazy altar of Hepliaklqana.
    43 | D        | Found an opulent altar of Gozag.
    43 | D        | Found a blossoming altar of Fedhas.
    43 | D        | Found a white marble altar of Elyvilon.
    43 | D        | Found a shadowy altar of Dithmenos.
    43 | D        | Found a snail-covered altar of Cheibriados.
    44 | D        | Found a radiant altar of Vehumet.
    44 | D        | Found a corrupted altar of Lugonu.
    45 | D        | Found an ancient bone altar of Kikubaaqudgha.
    45 | D        | Found a hide-covered altar of Uskayaw.
    45 | D        | Found a broken altar of Ashenzari.
    51 | D        | Became a worshipper of Makhleb the Destroyer
    72 | D        | Reached * piety under Makhleb
    90 | D        | Noticed a floating eye
    93 | D        | Killed a floating eye
    94 | D        | Reached XP level 3. HP: 23/23 MP: 4/8
    94 | D        | Reached XP level 4. HP: 28/28 MP: 5/10
   103 | D        | Learned a level 4 spell: Ice Form
   180 | D        | Reached ** piety under Makhleb
   181 | D        | Reached XP level 5. HP: 24/33 MP: 7/11
   187 | D        | Reached skill level 5 in Transmutations
   315 | D        | Noticed a sky beast
   327 | D        | Reached *** piety under Makhleb
   332 | D        | Reached skill level 5 in Spellcasting
   361 | D        | Killed a sky beast
   362 | D        | Reached XP level 6. HP: 12/38 MP: 13/15
   517 | D        | Reached **** piety under Makhleb
   573 | D        | Noticed a swamp dragon
   584 | D        | Slain by a swamp dragon

Illustrated notes

Levels and vault maps discovered:
D:        pitsprint [storerooms_1, entrance_room_1, metal_vault_2, armoury_2,
          mini_pit_1, grid_room_1, main_hall_1, silver_pit, the_coven_3,
          the_vestibule_1, steel_vault_2, golden_pit, hallway_of_sentries,
          crystal_vault_4, iron_vault_1, final_vault]

Skill      XL: |  1  2  3  4  5 |
---------------+----------------+-----
Unarmed Combat | 5 6 |  6.3
Spellcasting   | 4 6 |  6.0
Transmutations | 4 6 |  6.8
Ice Magic      | 4 6 |  6.4
Fighting       | |  1.0
Dodging        | |  2.0

Action                     |  1- 3 |  4- 6 || total
---------------------------+-------+-------++-------
  Melee: Unarmed           |     4 |    37 ||    41
         Tentacles         |     4 |     3 ||     7
         Kick              |     5 |     5 ||    10
         Constrict         |     4 |     3 ||     7
         Quarterstaff      |     8 |    22 ||    30
   Cast: Beastly Appendage |     3 |     2 ||     5
         Ice Form          |       |     3 ||     3
    Use: Potion            |       |     8 ||     8
   Stab: Sleeping          |       |     1 ||     1
 Armour: Skin              |       |    34 ||    34
  Dodge: Dodged            |     2 |    56 ||    58

Table legend: (Time is in decaauts)
 A = Elapsed time spent in this place.
 B = Non-inter-level travel time spent in this place.
 C = Inter-level travel time spent in this place.
 D = Time resting spent in this place.
 E = Time spent auto-exploring this place.
 F = Levels seen in this place.
 G = Mean time per level.
                   A        B        C        D        E       F      G
               +--------+--------+--------+--------+--------+-----+--------+
         Total |    588 |    588 |      0 |    313 |      0 |   1 |  588.0 |
       Dungeon |    588 |    588 |      0 |    313 |      0 |   1 |  588.0 |
               +--------+--------+--------+--------+--------+-----+--------+

Top non-repeatable levels by time:
       D: 588 daAuts
